| TOP OF THE 1ST |
|
West Virginia Power batting - Pitching for Atlanta (MID) Braves : LHP Marco Berrios
|
|
Pitching: LHP Marco Berrios
|
|
|
Batting: LHB Joe Hoover
|
0-0: Ball 1-0: Called Strike 1-1: SINGLE (Line Drive, 89S, EV 98.8 MPH)
|
|
Batting: RHB Richard Barrios
|
0-0: Ball Joe Hoover steals 2nd base 1-0: Ball 2-0: Ground out 6-3 (Groundball, 6S, EV 73.1 MPH) Joe Hoover to third
|
|
Batting: RHB Mike Velazquez
|
0-0: Ball 1-0: Ball 2-0: Called Strike 2-1: Ground out 1-3 (Groundball, 23, EV 74.4 MPH)
|
|
Batting: RHB Zach Chmieleski
|
0-0: Swinging Strike 0-1: Ball 1-1: Called Strike 1-2: Strikes out swinging
|
| Top of the 1st over - 0 runs, 1 hit, 0 errors, 1 left on base; West Virginia 0 - Atlanta (MID) 0 |
| BOTTOM OF THE 1ST |
|
Atlanta (MID) Braves batting - Pitching for West Virginia Power : RHP Francisco Castillo
|
|
Pitching: RHP Francisco Castillo
|
|
|
Batting: LHB Erik Gretzky
|
0-0: Ball 1-0: Ball 2-0: Called Strike 2-1: Ball 3-1: Base on Balls
|
|
Batting: RHB Joe Young
|
0-0: Foul Ball, location: 2F 0-1: Foul Ball, location: 2F 0-2: Ball 1-2: Ball 2-2: Foul Ball, location: 2F 2-2: Ball 3-2: Foul Ball, location: 2F 3-2: SINGLE (Groundball, 4S, EV 70.0 MPH) (infield hit) Erik Gretzky to second
|
|
Batting: SHB Richello Badua
|
0-0: Foul Ball, location: 2F 0-1: Called Strike 0-2: Ball 1-2: Strikes out looking
|
|
Batting: LHB Ben Goldstein
|
0-0: Called Strike 0-1: Ball 1-1: Ball 2-1: Foul Ball, location: 2F 2-2: Strikes out swinging
|
|
Batting: RHB Josh McCormick
|
0-0: SINGLE (Line Drive, 8LS, EV 93.8 MPH) Erik Gretzky to third Joe Young to second Runner from 3rd tries for Home, SAFE, throw by CF to home
|
|
Batting: RHB Jose Ramos
|
0-0: Fielders Choice at 2nd, 4-6 (Groundball, 4MD, EV 94.4 MPH)
|
| Bottom of the 1st over - 1 run, 2 hits, 0 errors, 2 left on base; West Virginia 0 - Atlanta (MID) 1 |
| TOP OF THE 2ND |
|
West Virginia Power batting - Pitching for Atlanta (MID) Braves : LHP Marco Berrios
|
|
Batting: RHB Freddy Quintero
|
0-0: Called Strike 0-1: Swinging Strike 0-2: Ball 1-2: Strikes out swinging
|
|
Batting: SHB Mike Corley
|
0-0: Called Strike 0-1: Ball 1-1: Ball 2-1: Foul Ball, location: 2F 2-2: Strikes out swinging
|
|
Batting: RHB Ted Goldblatt
|
0-0: Called Strike 0-1: Foul Ball, location: 2F 0-2: Reached on error, E4 (Groundball, 4, EV 105.0 MPH)
|
|
Batting: RHB Tom Primmer
|
0-0: Ball Ted Goldblatt is caught stealing 2nd base 2-4
|
| Top of the 2nd over - 0 runs, 0 hits, 1 error, 0 left on base; West Virginia 0 - Atlanta (MID) 1 |
| BOTTOM OF THE 2ND |
|
Atlanta (MID) Braves batting - Pitching for West Virginia Power : RHP Francisco Castillo
|
|
Batting: RHB Toki Takeuchi
|
0-0: Called Strike 0-1: Ball 1-1: Ground out 6-3 (Groundball, 6, EV 106.2 MPH)
|
|
Batting: RHB Badr al Din Ridha
|
0-0: Ball 1-0: Ball 2-0: Ground out 6-3 (Groundball, 6, EV 109.4 MPH)
|
|
Batting: SHB Ian Arlotta
|
0-0: Foul Ball, location: 2F 0-1: Swinging Strike 0-2: Strikes out swinging
|
| Bottom of the 2nd over - 0 runs, 0 hits, 0 errors, 0 left on base; West Virginia 0 - Atlanta (MID) 1 |
| TOP OF THE 3RD |
|
West Virginia Power batting - Pitching for Atlanta (MID) Braves : LHP Marco Berrios
|
|
Batting: RHB Tom Primmer
|
0-0: Ball 1-0: Foul Ball, location: 2F 1-1: SINGLE (Groundball, 25, EV 70.0 MPH) (infield hit)
|
|
Batting: LHB Brandon Sarni
|
0-0: Foul Ball, location: 2F 0-1: Swinging Strike 0-2: Ball 1-2: Fielders Choice at 2nd, 4-6 (Groundball, 4, EV 94.4 MPH)
|
|
Batting: LHB Joe Hoover
|
0-0: DOUBLE (Flyball, 89D, EV 109.4 MPH) Brandon Sarni to third Runner from 3rd tries for Home, SAFE, throw by RF to trailing runner, SAFE at third!
|
|
Batting: RHB Richard Barrios
|
0-0: Fly out, F8 (Flyball, 78M, EV 90.0 MPH) Runner from 3rd tags up, SCORES, throw by CF
|
|
Batting: RHB Mike Velazquez
|
0-0: Ball 1-0: Called Strike 1-1: Swinging Strike 1-2: Foul Ball, location: 2F 1-2: Strikes out swinging
|
| Top of the 3rd over - 2 runs, 2 hits, 0 errors, 0 left on base; West Virginia 2 - Atlanta (MID) 1 |
| BOTTOM OF THE 3RD |
|
Atlanta (MID) Braves batting - Pitching for West Virginia Power : RHP Francisco Castillo
|
|
Batting: LHB Erik Gretzky
|
0-0: Ball 1-0: SINGLE (Groundball, 6MD, EV 99.4 MPH)
|
|
Batting: RHB Joe Young
|
0-0: Ball Erik Gretzky steals 2nd, throwing error, E2 Erik Gretzky to third 1-0: Called Strike 1-1: Swinging Strike 1-2: Strikes out swinging
|
|
Batting: SHB Richello Badua
|
0-0: Ball 1-0: Ball 2-0: Ball 3-0: Called Strike 3-1: SINGLE (Line Drive, 4D, EV 98.1 MPH) Erik Gretzky scores
|
|
Batting: LHB Ben Goldstein
|
0-0: Called Strike 0-1: Foul Ball, location: 2F 0-2: Ball 1-2: Ball 2-2: Ball 3-2: 2-RUN HOME RUN (Flyball, 89XD, EV 100.0 MPH), Distance : 379 ft
|
|
Batting: RHB Josh McCormick
|
0-0: Ground out 4-3 (Groundball, 4, EV 92.5 MPH)
|
|
Batting: RHB Jose Ramos
|
0-0: Ball 1-0: Ball 2-0: Foul Ball, location: 2F 2-1: SOLO HOME RUN (Flyball, 7LD, EV 98.1 MPH), Distance : 352 ft
|
|
Pitching: RHP Ernesto Mendez
|
|
|
Batting: RHB Toki Takeuchi
|
0-0: Swinging Strike 0-1: Foul Ball, location: 2F 0-2: Ball 1-2: Strikes out swinging
|
| Bottom of the 3rd over - 4 runs, 4 hits, 1 error, 0 left on base; West Virginia 2 - Atlanta (MID) 5 |
| TOP OF THE 4TH |
|
West Virginia Power batting - Pitching for Atlanta (MID) Braves : LHP Marco Berrios
|
|
Batting: RHB Zach Chmieleski
|
0-0: Ball 1-0: Ground out 6-3 (Groundball, 6, EV 81.9 MPH)
|
|
Batting: RHB Freddy Quintero
|
0-0: Foul Ball, location: 2F 0-1: Ball 1-1: Foul Ball, location: 2F 1-2: Foul Ball, location: 2F 1-2: Strikes out swinging
|
|
Batting: SHB Mike Corley
|
0-0: Ground out 6-3 (Groundball, 6M, EV 106.2 MPH)
|
| Top of the 4th over - 0 runs, 0 hits, 0 errors, 0 left on base; West Virginia 2 - Atlanta (MID) 5 |
| BOTTOM OF THE 4TH |
|
Atlanta (MID) Braves batting - Pitching for West Virginia Power : RHP Ernesto Mendez
|
|
Batting: RHB Badr al Din Ridha
|
0-0: Called Strike 0-1: Ball 1-1: Called Strike 1-2: SINGLE (Groundball, 56, EV 103.1 MPH)
|
|
Batting: SHB Ian Arlotta
|
0-0: Ball 1-0: Ball 2-0: Called Strike 2-1: Called Strike Badr al Din Ridha steals 2nd base 2-2: Ball 3-2: Strikes out swinging
|
|
Batting: LHB Erik Gretzky
|
0-0: Called Strike 0-1: Called Strike 0-2: Ball 1-2: Ball 2-2: Strikes out looking
|
|
Batting: RHB Joe Young
|
0-0: SINGLE (Groundball, 56S, EV 66.2 MPH) (infield hit) Badr al Din Ridha to third
|
|
Batting: SHB Richello Badua
|
0-0: Ball 1-0: Ground out 4-3 (Groundball, 4S, EV 69.4 MPH)
|
| Bottom of the 4th over - 0 runs, 2 hits, 0 errors, 2 left on base; West Virginia 2 - Atlanta (MID) 5 |
| TOP OF THE 5TH |
|
West Virginia Power batting - Pitching for Atlanta (MID) Braves : LHP Marco Berrios
|
|
Batting: RHB Ted Goldblatt
|
0-0: Ball 1-0: Ball 2-0: Ball 3-0: Called Strike 3-1: Fly out, F7 (Line Drive, 78M, EV 93.8 MPH)
|
|
Batting: RHB Tom Primmer
|
0-0: Foul Ball, location: 2F 0-1: Called Strike 0-2: Ball 1-2: Ball 2-2: Strikes out swinging, 2-3 out at first.
|
|
Batting: LHB Brandon Sarni
|
0-0: Ball 1-0: Called Strike 1-1: Ball 2-1: Swinging Strike 2-2: Ball 3-2: Strikes out swinging
|
| Top of the 5th over - 0 runs, 0 hits, 0 errors, 0 left on base; West Virginia 2 - Atlanta (MID) 5 |
| BOTTOM OF THE 5TH |
|
Atlanta (MID) Braves batting - Pitching for West Virginia Power : RHP Ernesto Mendez
|
|
Batting: LHB Ben Goldstein
|
0-0: Ground out 4-3 (Groundball, 4, EV 80.6 MPH)
|
|
Batting: RHB Josh McCormick
|
0-0: Ground out U3 (Groundball, 3, EV 79.4 MPH)
|
|
Batting: RHB Jose Ramos
|
0-0: Called Strike 0-1: Ball 1-1: Ball 2-1: Ball 3-1: Called Strike 3-2: Ground out 6-3 (Groundball, 6, EV 80.0 MPH)
|
| Bottom of the 5th over - 0 runs, 0 hits, 0 errors, 0 left on base; West Virginia 2 - Atlanta (MID) 5 |
| TOP OF THE 6TH |
|
West Virginia Power batting - Pitching for Atlanta (MID) Braves : LHP Marco Berrios
|
|
Batting: LHB Joe Hoover
|
0-0: Ground out 4-3 (Groundball, 4, EV 90.0 MPH)
|
|
Batting: RHB Richard Barrios
|
0-0: Ball 1-0: Ball 2-0: Ground out 6-3 (Groundball, 56, EV 87.5 MPH)
|
|
Batting: RHB Mike Velazquez
|
0-0: Called Strike 0-1: SINGLE (Line Drive, 3D, EV 96.9 MPH)
|
|
Batting: RHB Zach Chmieleski
|
0-0: Called Strike 0-1: Fly out, F9 (Line Drive, 89M, EV 92.5 MPH)
|
| Top of the 6th over - 0 runs, 1 hit, 0 errors, 1 left on base; West Virginia 2 - Atlanta (MID) 5 |
| BOTTOM OF THE 6TH |
|
Atlanta (MID) Braves batting - Pitching for West Virginia Power : RHP Ernesto Mendez
|
|
Batting: RHB Toki Takeuchi
|
0-0: Swinging Strike 0-1: Foul Ball, location: 2F 0-2: Ball 1-2: DOUBLE (Groundball, 5L, EV 111.9 MPH)
|
|
Batting: RHB Badr al Din Ridha
|
0-0: Called Strike 0-1: Ball 1-1: Foul Ball, location: 2F 1-2: Ball 2-2: Ball 3-2: Base on Balls
|
|
Batting: SHB Ian Arlotta
|
0-0: Ball 1-0: Ball 2-0: Swinging Strike 2-1: Ball 3-1: DOUBLE (Line Drive, 7LM, EV 108.8 MPH) Toki Takeuchi scores Badr al Din Ridha to third
|
|
Batting: LHB Erik Gretzky
|
0-0: Called Strike 0-1: Called Strike 0-2: Ball 1-2: Ball 2-2: Ball 3-2: Foul Ball, location: 2F 3-2: Foul Ball, location: 2F 3-2: Foul Ball, location: 2F 3-2: Base on Balls
|
|
Pitching: RHP Jeff Crescimanno
|
|
|
Batting: RHB Joe Young
|
0-0: Ball 1-0: Swinging Strike 1-1: Foul Ball, location: 2F 1-2: Strikes out looking
|
|
Batting: SHB Richello Badua
|
0-0: Ball 1-0: Swinging Strike 1-1: Ball 2-1: Foul Ball, location: 2F 2-2: SINGLE (Line Drive, 8RS, EV 104.4 MPH) Badr al Din Ridha scores Ian Arlotta to third Erik Gretzky to second
|
|
Batting: LHB Ben Goldstein
|
0-0: Grounds into double play, 4-6-3 (Groundball, 4, EV 102.5 MPH)
|
| Bottom of the 6th over - 2 runs, 3 hits, 0 errors, 2 left on base; West Virginia 2 - Atlanta (MID) 7 |
| TOP OF THE 7TH |
|
West Virginia Power batting - Pitching for Atlanta (MID) Braves : LHP Marco Berrios
|
|
Batting: RHB Freddy Quintero
|
0-0: Ball 1-0: Called Strike 1-1: Foul Ball, location: 2F 1-2: Strikes out swinging
|
|
Batting: SHB Mike Corley
|
0-0: Swinging Strike 0-1: Ball 1-1: TRIPLE (Line Drive, 78XD, EV 111.9 MPH)
|
|
Batting: RHB Ted Goldblatt
|
0-0: Fly out, F8 (Flyball, 8RD, EV 95.0 MPH)
|
|
Batting: RHB Tom Primmer
|
0-0: Ball 1-0: Foul Ball, location: 2F 1-1: Ball 2-1: Ball 3-1: SINGLE (Groundball, 56D, EV 98.8 MPH) Mike Corley scores
|
|
Batting: LHB Brandon Sarni
|
0-0: Called Strike 0-1: Foul Ball, location: 2F 0-2: DOUBLE (Groundball, 5L, EV 95.0 MPH) Tom Primmer to third Runner from 3rd tries for Home, SAFE, throw by LF to trailing runner, OUT at third! 7-3-5
|
| Top of the 7th over - 2 runs, 3 hits, 0 errors, 0 left on base; West Virginia 4 - Atlanta (MID) 7 |
| BOTTOM OF THE 7TH |
|
Atlanta (MID) Braves batting - Pitching for West Virginia Power : RHP Jeff Crescimanno
|
|
Batting: RHB Josh McCormick
|
0-0: Called Strike 0-1: Swinging Strike 0-2: Fly out, F9 (Flyball, 9LD, EV 105.6 MPH)
|
|
Batting: RHB Jose Ramos
|
0-0: Called Strike 0-1: Ball 1-1: Ground out 5-3 (Groundball, 5, EV 90.6 MPH)
|
|
Batting: RHB Toki Takeuchi
|
0-0: Called Strike 0-1: Called Strike 0-2: Foul Ball, location: 2F 0-2: Foul Ball, location: 2F 0-2: Foul Ball, location: 2F 0-2: Ball 1-2: Ball 2-2: Ball 3-2: Base on Balls
|
|
Batting: RHB Badr al Din Ridha
|
0-0: Ball Toki Takeuchi steals 2nd base 1-0: Ball 2-0: Ball 3-0: Called Strike 3-1: Called Strike 3-2: Ground out 6-3 (Groundball, 6S, EV 75.6 MPH)
|
| Bottom of the 7th over - 0 runs, 0 hits, 0 errors, 1 left on base; West Virginia 4 - Atlanta (MID) 7 |
| TOP OF THE 8TH |
|
West Virginia Power batting - Pitching for Atlanta (MID) Braves : LHP Marco Berrios
|
|
Batting: LHB Joe Hoover
|
0-0: Foul Ball, location: 2F 0-1: Called Strike 0-2: Ball 1-2: Ball 2-2: DOUBLE (Line Drive, 7LM, EV 98.1 MPH)
|
|
Batting: RHB Richard Barrios
|
0-0: Called Strike 0-1: Fly out, F7 (Flyball, 7, EV 82.5 MPH)
|
|
Batting: RHB Mike Velazquez
|
0-0: Called Strike 0-1: Fly out, F8 (Flyball, 8RD, EV 93.1 MPH)
|
|
Batting: RHB Zach Chmieleski
|
0-0: Foul Ball, location: 2F 0-1: Ball 1-1: Ball 2-1: 2-RUN HOME RUN (Flyball, 89XD, EV 95.6 MPH), Distance : 395 ft
|
|
Pitching: RHP Nikita Eliseenko
|
|
|
Batting: RHB Freddy Quintero
|
0-0: Ball 1-0: Called Strike 1-1: Called Strike 1-2: Foul Ball, location: 2F 1-2: Strikes out swinging
|
| Top of the 8th over - 2 runs, 2 hits, 0 errors, 0 left on base; West Virginia 6 - Atlanta (MID) 7 |
| BOTTOM OF THE 8TH |
|
Atlanta (MID) Braves batting - Pitching for West Virginia Power : RHP Jeff Crescimanno
|
|
Pitching: RHP Franklin Amaro
|
|
|
Batting: SHB Ian Arlotta
|
0-0: Foul Ball, location: 2F 0-1: Foul Ball, location: 2F 0-2: Fly out, F6 (Line Drive, 6M, EV 73.1 MPH)
|
|
Batting: LHB Erik Gretzky
|
0-0: Called Strike 0-1: Foul Ball, location: 2F 0-2: Ball 1-2: Foul Ball, location: 2F 1-2: Ball 2-2: Strikes out looking
|
|
Batting: RHB Joe Young
|
0-0: Ball 1-0: Called Strike 1-1: Swinging Strike 1-2: Strikes out swinging
|
| Bottom of the 8th over - 0 runs, 0 hits, 0 errors, 0 left on base; West Virginia 6 - Atlanta (MID) 7 |
| TOP OF THE 9TH |
|
West Virginia Power batting - Pitching for Atlanta (MID) Braves : RHP Nikita Eliseenko
|
|
Pitching: RHP Omar Orosco
|
|
|
Batting: SHB Mike Corley
|
0-0: Ball 1-0: Ball 2-0: Swinging Strike 2-1: Called Strike 2-2: Strikes out swinging
|
|
Pinch Hitting: LHB Donald Imre
|
0-0: Swinging Strike 0-1: Foul Ball, location: 2F 0-2: Ball 1-2: Ball 2-2: Reached on error, E4 (Groundball, 4M, EV 79.4 MPH)
|
|
Batting: RHB Tom Primmer
|
0-0: Swinging Strike 0-1: Swinging Strike 0-2: Ball 1-2: SINGLE (Groundball, 34D, EV 101.2 MPH) Donald Imre to second Runner from 2nd tries for 3rd, SAFE, throw by RF made to third
|
|
Batting: LHB Brandon Sarni
|
0-0: Foul Ball, location: 2F 0-1: Called Strike 0-2: Ball 1-2: Reached via error on a dropped throw from 3B, E3 (Groundball, 5, EV 94.4 MPH) Donald Imre scores Tom Primmer to second
|
|
Batting: LHB Joe Hoover
|
0-0: Fielders Choice at 2nd, 4-6 (Groundball, 4, EV 80.0 MPH) Tom Primmer to third
|
|
Batting: RHB Richard Barrios
|
Pickoff Throw to First - Error! E1 Tom Primmer scores Joe Hoover to second 0-0: Called Strike 0-1: Ball 1-1: Ball 2-1: Ball 3-1: Called Strike 3-2: Strikes out swinging
|
| Top of the 9th over - 2 runs, 1 hit, 3 errors, 1 left on base; West Virginia 8 - Atlanta (MID) 7 |
| BOTTOM OF THE 9TH |
|
Atlanta (MID) Braves batting - Pitching for West Virginia Power : RHP Franklin Amaro
|
|
Pitching: RHP Fred McIlrath
|
|
|
Now at 1B: Dennis Coppolino
|
|
|
Now at 3B: Chris Beckham
|
|
|
Batting: SHB Richello Badua
|
0-0: Called Strike 0-1: Swinging Strike 0-2: Strikes out looking
|
|
Batting: LHB Ben Goldstein
|
0-0: SINGLE (Groundball, 4MD, EV 95.0 MPH)
|
|
Batting: RHB Josh McCormick
|
0-0: Ball 1-0: Called Strike 1-1: Ball 2-1: Fly out, F8 (Flyball, 8LD, EV 80.6 MPH)
|
|
Batting: RHB Jose Ramos
|
0-0: Ball 1-0: Called Strike 1-1: Swinging Strike 1-2: 2-RUN HOME RUN (Flyball, 7D, EV 96.2 MPH), Distance : 372 ft
|
| Bottom of the 9th over - 2 runs, 2 hits, 0 errors, 0 left on base; West Virginia 8 - Atlanta (MID) 9 |
|